Map: Eternal Empire LE

Players

GeneralBlack - Winner!

  • Race: Terran Terran
  • League: Diamond
  • Spawn Location: 7:00

VOD

Have the link to the VOD?

Description

fairly standard fast 3CC opening with a Raven and Cyclone

Time

  • Played on: April 4, 2020, 5:26 a.m.
  • Length: 7:09
Show
View Real Time Build Order
Export as new Build Order

GeneralBlack Terran - Winner!

Build Orders: Reaper Expand 

Get SALT Encoding   

  12  0:02  SCV  
  12  0:14  SCV  
  12  0:19  Supply Depot  
  12  0:26  SCV  
  12  0:40  SCV  
  12  0:41  Barracks  
  12  0:46  Refinery  
  12  0:52  SCV  
  12  1:04  SCV  
  12  1:17  SCV  
  12  1:29  Orbital Command  
  12  1:30  Reaper  
  12  1:44  Command Center  
  12  1:53  Supply Depot  
  12  1:55  SCV  
  12  2:06  Barracks Reactor  
  12  2:08  Refinery  
  12  2:09  SCV  
  12  2:20  Bunker  
  12  2:21  SCV  
  12  2:30  Factory  
  12  2:33  SCV  
  12  2:43  Marine x2  
  12  2:45  SCV  
  12  2:58  Orbital Command  
  12  2:59  SCV  
  12  3:03  Marine x2  
  12  3:13  SCV  
  12  3:15  Factory Tech Lab  
  12  3:17  Starport  
  12  3:21  Marine  
  12  3:22  Marine  
  12  3:23  SCV  
  12  3:25  SCV  
  12  3:35  SCV  
  12  3:36  Cyclone  
  12  3:37  SCV  
  12  3:39  Supply Depot  
  12  3:40  Marine  
  12  3:41  Marine  
  12  3:48  SCV  
  12  3:49  SCV  
  12  3:55  Supply Depot  
  12  3:56  Starport Tech Lab  
  12  4:00  Marine x2, SCV  
  12  4:02  SCV  
  12  4:11  Supply Depot  
  12  4:15  Raven  
  12  4:22  Command Center  
  12  4:23  SCV  
  12  4:25  SCV  
  12  4:29  Siege Tank  
  12  4:35  SCV  
  12  4:37  Supply Depot, SCV  
  12  4:38  Marine  
  12  4:40  Marine  
  12  4:49  Engineering Bay  
  12  4:51  Engineering Bay  
  12  4:52  Refinery  
  12  4:53  SCV x2  
  12  4:56  Marine  
  12  4:57  Marine  
  12  5:06  Barracks  
  12  5:08  SCV  
  12  5:09  Barracks, SCV  
  12  5:16  Factory Tech Lab, Starport Reactor  
  12  5:18  Factory Reactor  
  12  5:20  Marine x2, SCV  
  12  5:22  SCV  
  12  5:33  SCV  
  12  5:34  SCV  
  12  5:35  Orbital Command  
  12  5:38  Marine  
  12  5:39  Marine  
  12  5:49  SCV x2  
  12  5:51  Refinery  
  12  5:52  Supply Depot x2  
  12  5:53  Medivac x2  
  12  5:54  Marine  
  12  6:01  Marine x2  
  12  6:04  Orbital Command  
  12  6:05  Marine  
  12  6:06  Widow Mine  
  12  6:15  Barracks  
  12  6:16  Marauder, Barracks  
  12  6:19  Marine x2  
  12  6:24  Medivac, Widow Mine  
  12  6:27  Widow Mine  
  12  6:34  Marauder  
  12  6:35  SCV x2  
  12  6:36  SCV  
  12  6:42  Marine x2  
  12  6:43  Marauder  
  12  6:47  SCV  
  12  6:48  SCV x2, Armory  
  12  6:52  Supply Depot  
  12  6:53  Supply Depot  
  12  7:04  Barracks Tech Lab  
  12  7:05  Barracks Reactor  
Tags
 
Add a new tag
Caveats
  • Supply blocks, unpowered buildings, or Contaminate may cause inaccurate times.
  • Supply counts are checked every 10 seconds.